 Dungeon Crawl Stone Soup version 0.31-a0-142-g31f6795574 (webtiles) character file.

Game seed: 8597987596035878645

253 Esekla the Sneak (level 6, -4/43 HPs)
             Began as an Octopode Delver on June 4, 2023.
             Was an Initiate of Gozag.
             Splashed by a jelly's acid (5 damage)
             ... on level 4 of the Dungeon.
             The game lasted 00:12:58 (2604 turns).

Esekla the Sneak (Octopode Delver)                  Turns: 2604, Time: 00:12:58

Health: -4/43      AC: -3    Str: 11    XL:     6   Next: 14%
Magic:  8/8        EV: 13    Int: 14    God:    Gozag
Gold:   31         SH:  0    Dex: 14    Spells: 8/8 levels left

rFire   . . .        c - +3 dagger
rCold   . . .        (no shield)
rNeg    . . .        (helmet restricted)
rPois   .            (no amulet)
rElec   .            (no ring)
rCorr   .            (no ring)
SInv    .            (no ring)
Will    .....        (no ring)
Stlth   +++++        (no ring)
HPRegen 0.27/turn    (no ring)
MPRegen 0.11/turn    (no ring)
                     (no ring)

%: no passive effects
@: corroded, gold aura
A: almost no armour, amphibious, 8 rings, camouflage 1, gelatinous body 1,
(nimble swimmer 1), tentacles
a: Renounce Religion, Potion Petition, Call Merchant, Bribe Branch


You were on level 4 of the Dungeon.
You worshipped Gozag.
Gozag was noncommittal.
You visited 2 branches of the dungeon, and saw 3 of its levels.

You collected 80 gold pieces.
You spent 48 gold pieces at shops.
You paid 1 gold pieces to Gozag.

Inventory:

Hand Weapons
 a - a +0 falchion
 c - a +3 dagger (weapon)
Missiles
 h - 5 poisoned darts (quivered)
Wands
 f - a wand of digging (3)
Scrolls
 b - a scroll of fog
 d - 2 scrolls of identify


   Skills:
 * Level 4.0 Fighting
 + Level 0.3(2.1) Short Blades
 * Level 3.3 Long Blades
 * Level 2.8 Dodging
 + Level 7.9 Stealth
 * Level 1.7 Spellcasting


You had 8 spell levels left.
You didn't know any spells.
Your spell library was empty.

Dungeon Overview and Level Annotations

Branches:
Dungeon (5/15)             Temple (1/1) D:5

Altars:
Ashenzari
Fedhas
Gozag
Hepliaklqana
Kikubaaqudgha
Nemelex Xobeh
Okawaru
Trog
Uskayaw
Vehumet

Shops:
D:4 ?


Innate Abilities, Weirdness & Mutations

You cannot wear most types of armour.
You are amphibious.
You can wear up to eight rings at the same time.
Your skin changes colour to match your surroundings (Stealth+).
Your rubbery body absorbs attacks. (AC +1, EV +1)
((You are camouflaged when in or above water. (Stealth+)))
You have tentacles for arms and can constrict up to eight enemies at once.


Message History

The jelly quivers.
You hit the hobgoblin but do no damage. You grab the hobgoblin.
Your tentacle-slap misses the hobgoblin.
You constrict the hobgoblin. The hobgoblin barely misses you.
You barely miss the hobgoblin.
The hobgoblin is lightly wounded.
You constrict the hobgoblin. The hobgoblin hits you.
You release your grip on the hobgoblin.
The jelly attacks as you move away! The jelly hits you.
You are splashed with acid!
Okay, then.
You aren't carrying any potions.
Unknown command.
Unknown command.
You hit the jelly.
Your tentacles burn!
The jelly is lightly wounded.
The jelly hits you.
You are splashed with acid!
You hit the jelly.
Your tentacles burn!
The jelly is moderately wounded.
The jelly hits you.
* * * LOW HITPOINT WARNING * * *
The acid corrodes you!
You are splashed with acid.
* * * LOW HITPOINT WARNING * * *
You aren't carrying any potions.
Okay, then.
Unknown command.
Unknown command.
You aren't carrying any potions.
As you read the scroll labelled EHENIW ZOUW, it crumbles to dust.
It is a scroll of enchant armour.
You aren't carrying any armour which can be enchanted further.
The jelly hits you.
* * * LOW HITPOINT WARNING * * *
You are splashed with acid.
* * * LOW HITPOINT WARNING * * *
As you read the scroll labelled WASHRE ICVUGERPH, it crumbles to dust.
It is a scroll of amnesia.
You feel forgetful for a moment. The jelly barely misses you.
You hit the jelly.
Your tentacles burn!
You die...
Your body crumbles into a pile of gold.

....#+######...#.#.#
.............#.#.#.# #
.......#######.#.#.#
###.#
###..........#.#.#.#
....#
#...)#####.#.#.#.#.....#
#
###.######.#.#.#.#.....#
.
.............g$......>+
###.######.#.#J#.#.....
#.# #.#.#@#.# ##. #.#
#.#<#.#.# #.# #.###.#.#
#.# #.....#.# #####.####
#######+# #.........
...# ##J# .J.#


You could see a jelly and a hobgoblin.

Vanquished Creatures
  Menkaure (D:4)
  A scorpion (D:5)
  2 orc wizards (Temple)
  An adder (D:4)
  3 orcs
  A ball python (D:4)
  An endoplasm (D:4)
  3 goblins (D:5)
  3 hobgoblins
  2 kobolds (D:4)
  A quokka (D:4)
19 creatures vanquished.

Notes
Turn   | Place    | Note
-------+----------+-------------------------------------------
     0 | D:5      | Esekla the Octopode Delver began the quest for the Orb.
     0 | D:5      | Reached XP level 1. HP: 16/16 MP: 1/1
    10 | D:5      | Noticed a scorpion
    15 | D:5      | Killed a scorpion
    16 | D:5      | Reached skill level 7 in Stealth
    16 | D:5      | Reached XP level 2. HP: 19/21 MP: 1/3
    16 | D:5      | Reached XP level 3. HP: 23/26 MP: 1/4
    16 | D:5      | Reached XP level 4. HP: 28/31 MP: 1/5
    53 | D:5      | Found a staircase to the Ecumenical Temple.
    63 | Temple   | Entered the Ecumenical Temple
   346 | D:5      | Reached skill level 1 in Spellcasting
  1599 | Temple   | HP: 1/31 [orc wizard/+0 dagger (5)]
  2092 | D:5      | Reached XP level 5. HP: 36/36 MP: 6/6
  2095 | D:5      | Found an iron altar of Okawaru.
  2159 | Temple   | Became a worshipper of Gozag Ym Sagoz the Greedy
  2217 | D:4      | Noticed a phantom
  2266 | D:4      | Found Feat's Magic Scroll Boutique.
  2391 | D:4      | Bought a scroll of identify for 24 gold pieces
  2425 | D:4      | Noticed Menkaure
  2432 | D:4      | Killed Menkaure
  2433 | D:4      | Reached XP level 6. HP: 18/43 MP: 8/8
  2537 | D:4      | Bought a scroll of identify for 24 gold pieces
  2602 | D:4      | HP: 1/43 [acid (6)]
  2604 | D:4      | Splashed by a jelly's acid

Illustrated notes

Levels and vault maps discovered:
D:4:      layout_basic, nicolae_ru_the_path_less_chosen, serial_shops, shop,
          nicolae_diamond_shop, nicolae_shop_rolled_up,
          nicolae_shop_behind_doors, nicolae_shop_tiny_waterfront, uniq_menkaure
D:5:      layout_loops_corners, okawaru_altar_gauntlet_db, temple_pool_b
Temple:   nicolae_temple_bog_church

Skill      XL: |  1  2  3  4  5 |
---------------+----------------+-----
Stealth        | 7 |  7.9
Spellcasting   | 1 |  1.7
Fighting       | 4 |  4.0
Long Blades    | 3 |  3.3
Short Blades   | |  0.3
Dodging        | |  2.8

Action                     |  1- 3 |  4- 6 || total
---------------------------+-------+-------++-------
  Melee: Falchion          |     5 |    23 ||    28
         Constrict         |     1 |    13 ||    14
         Tentacles         |       |    14 ||    14
         Dagger            |       |    37 ||    37
         Punch             |       |     1 ||     1
    Use: Scroll            |       |     4 ||     4
         Potion            |       |     1 ||     1
   Stab: Distracted        |       |     1 ||     1
 Armour: Skin              |       |     5 ||     5
  Dodge: Dodged            |     4 |    68 ||    72

Table legend: (Time is in decaauts)
 A = Elapsed time spent in this place.
 B = Non-inter-level travel time spent in this place.
 C = Inter-level travel time spent in this place.
 D = Time resting spent in this place.
 E = Time spent auto-exploring this place.
 F = Levels seen in this place.
 G = Mean time per level.
                   A        B        C        D        E       F      G
               +--------+--------+--------+--------+--------+-----+--------+
         Total |   2604 |   2579 |     25 |   1896 |     19 |   3 |  868.0 |
       Dungeon |    773 |    770 |      3 |    177 |      0 |   2 |  386.5 |
        Temple |   1830 |   1808 |     22 |   1719 |     19 |   1 | 1830.0 |
               +--------+--------+--------+--------+--------+-----+--------+

Top non-repeatable levels by time:
  Temple: 1830 daAuts
     D:5: 391 daAuts
     D:4: 382 daAuts
